AoeStats
← 秋秋风落叶

Arena

510111882Analyzed
4v4 RM · 3d ago on Sep 29, 2026· 67m 37s· 8 players
Game mode
Random Map
Map size
Large (8 player)
Population
200
Speed
Normal
Resources
Standard
Victory
Conquest
Starting age
Dark Age
Ending age
Imperial Age
RankedLock teamsTeams togetherTeam positionsShared explorationLock speedFull tech treeHidden civsTurbo modeCheats
Victory
Defeat
🇭🇰 Franks · Hong Kong SAR China
1243
+12
🇹🇷 Turks · Türkiye
1220
+13
🇨🇳 Burgundians · China
1073
+20
🇬🇧 Hindustanis · United Kingdom
1069
+19
🇨🇳 Sicilians · China
1207
-18
🇨🇳 Khmer · China
1159
-16
🇹🇼 Cumans · Taiwan
1147
-16
🇮🇳 Britons · India
1095
-14
kailashsaravanaraj
10:29 Feudal Age
14:28 Castle Age
15:30 Double-Bit Axe
20:01 Wheelbarrow
19:18 Loom
20:57 Hand Cart
23:59 Gold Mining
24:00 Stone Mining
26:04 Gold Shaft Mining
25:43 Town Watch
27:44 Bow Saw
27:20 Horse Collar
27:34 Crossbowman
29:04 Fletching
29:15 Padded Archer Armor
32:19 Imperial Age
30:03 Heavy Plow
30:39 Bodkin Arrow
31:00 Leather Archer Armor
31:44 Ballistics
32:15 Yeomen
33:08 Bracer
33:39 Ring Archer Armor
33:33 Conscription
32:39 Arbalester
32:41 Heavy Mounted Crossbowman
32:41 Cranequins
33:45 Husbandry
37:09 Elite Longbowman
41:45 Warwolf
44:50 Chemistry
43:56 Siege Engineers
44:02 Masonry
49:41 Architecture
49:50 Hoardings
oppppppfpppppp
11:45 Feudal Age
12:39 Double-Bit Axe
12:40 Horse Collar
20:33 Castle Age
19:10 Gold Mining
21:35 Bow Saw
23:00 Heavy Plow
27:55 Imperial Age
26:02 Wheelbarrow
25:29 Stone Mining
26:22 Scale Barding Armor
27:11 Bloodlines
28:38 Gold Shaft Mining
28:17 Forging
28:19 Town Watch
28:58 Chain Barding Armor
28:29 Cavalier
30:52 Two-Man Saw
29:51 Light Cavalry
31:04 Hand Cart
30:32 Capped Ram
32:11 Plate Barding Armor
32:12 Iron Casting
31:38 Scale Mail Armor
32:43 Hussar
33:16 Pikeman
33:57 Squires
33:42 Arson
34:03 Steppe Husbandry
35:23 Blast Furnace
38:17 Fletching
38:43 Chain Mail Armor
38:29 Padded Archer Armor
39:38 Crop Rotation
39:08 Bodkin Arrow
39:07 Elite Skirmisher
41:41 Chemistry
41:03 Ballistics
43:43 Two-Man Saw
43:10 Leather Archer Armor
43:26 Plate Mail Armor
49:20 Siege Ram
53:37 Halberdier
dandan
6:42 Loom
10:06 Feudal Age
10:37 Double-Bit Axe
11:03 Horse Collar
24:04 Castle Age
26:03 Scale Mail Armor
26:13 Forging
27:07 Bow Saw
32:13 Bow Saw
32:09 Gold Mining
37:42 Imperial Age
36:27 Chain Mail Armor
36:49 Iron Casting
36:24 Arson
37:43 Husbandry
37:53 Bloodlines
38:24 Wheelbarrow
37:36 Pikeman
38:17 Squires
39:23 Blast Furnace
38:16 Halberdier
38:22 Halberdier
40:28 Plate Mail Armor
40:17 Hand Cart
39:48 Town Watch
40:59 Gold Shaft Mining
40:19 Stone Mining
40:39 Heavy Plow
42:09 Capped Ram
43:35 Cavalier
44:47 Siege Ram
46:50 Hauberk
47:05 Conscription
48:42 Scale Barding Armor
48:14 Elite Serjeant
49:19 First Crusade
48:20 Elite Serjeant
49:51 Chain Barding Armor
51:13 Plate Barding Armor
50:43 Siege Ram
53:46 Fletching
53:19 Light Cavalry
57:08 Town Patrol
56:52 Man-at-Arms
59:34 Caravan
秋秋风落叶
2:45 Loom
11:18 Feudal Age
16:18 Castle Age
14:35 Double-Bit Axe
15:15 Horse Collar
18:32 Bow Saw
21:41 Gold Mining
22:24 Scale Barding Armor
23:38 Wheelbarrow
22:49 Town Watch
23:42 Sanctity
24:14 Stone Mining
25:16 Fervor
25:41 Bloodlines
25:31 Husbandry
25:51 Heavy Plow
28:31 Gold Shaft Mining
27:49 Light Cavalry
29:05 Hand Cart
31:36 Imperial Age
30:19 Chain Barding Armor
30:10 Forging
30:43 Stone Shaft Mining
33:04 Conscription
33:24 Hoardings
32:30 Cavalier
33:48 Crop Rotation
33:58 Plate Barding Armor
33:59 Iron Casting
33:34 Capped Ram
34:58 Fletching
34:36 Hussar
36:38 Heavy Scorpion
39:07 Double Crossbow
42:28 Chemistry
41:41 Fortified Wall
44:55 Blast Furnace
43:51 Bodkin Arrow
46:33 Siege Ram
49:54 Pikeman
50:20 Arson
yenese
10:29 Feudal Age
15:05 Castle Age
13:30 Double-Bit Axe
13:30 Horse Collar
15:55 Loom
16:21 Bow Saw
17:03 Heavy Plow
24:42 Wheelbarrow
25:57 Gold Mining
25:58 Stone Mining
29:53 Imperial Age
29:06 Ballistics
28:32 Treadmill Crane
29:02 Scale Barding Armor
29:07 Forging
28:58 Scale Mail Armor
29:02 Squires
29:28 Bloodlines
29:18 Husbandry
29:39 Forging
31:04 Chain Barding Armor
31:56 Two-Man Saw
31:06 Heavy Camel Rider
32:51 Iron Casting
33:54 Plate Barding Armor
34:38 Hand Cart
34:09 Town Watch
41:36 Gold Shaft Mining
41:59 Artillery
42:21 Conscription
58:43 Caravan
60:42 Blast Furnace
60:38 Cavalier
110
0:29 Loom
12:24 Feudal Age
19:24 Man-at-Arms
21:26 Fletching
27:34 Castle Age
25:42 Town Watch
26:30 Double-Bit Axe
26:27 Horse Collar
26:41 Stone Mining
26:44 Gold Mining
27:22 Bow Saw
27:26 Forging
27:22 Scale Barding Armor
27:47 Heavy Plow
27:42 Cavalier
28:23 Husbandry
29:40 Chain Barding Armor
34:30 Imperial Age
32:25 Murder Holes
33:43 Fortified Wall
34:01 Squires
33:47 Arson
33:23 Pikeman
35:54 Wheelbarrow
36:25 Gold Shaft Mining
37:27 Chemistry
38:09 Bodkin Arrow
38:14 Padded Archer Armor
37:49 Elite Skirmisher
39:30 Bracer
39:45 Leather Archer Armor
40:31 Hand Cart
41:14 Scale Mail Armor
41:47 Conscription
42:49 Light Cavalry
42:50 Paladin
44:10 Plate Barding Armor
46:28 Iron Casting
46:08 Chain Mail Armor
46:24 Halberdier
46:48 Hussar
48:29 Ballistics
50:09 Blast Furnace
53:54 Hoardings
53:26 Burgundian Vineyards
52:42 Elite Coustillier
53:37 Treadmill Crane
62:03 Plate Mail Armor
61:24 Capped Ram
慌狂的鼹鼠
10:37 Feudal Age
14:45 Castle Age
12:34 Double-Bit Axe
16:25 Loom
18:43 Gold Mining
24:28 Wheelbarrow
27:01 Bow Saw
27:29 Hand Cart
32:05 Imperial Age
31:19 Scale Barding Armor
31:24 Forging
33:10 Chain Barding Armor
33:25 Iron Casting
32:20 Cavalier
33:01 Husbandry
33:02 Town Watch
35:34 Gold Shaft Mining
36:52 Plate Barding Armor
37:03 Fletching
37:13 Padded Archer Armor
37:45 Conscription
37:07 Elite Skirmisher
38:11 Bodkin Arrow
39:46 Chemistry
39:27 Leather Archer Armor
40:18 Ballistics
41:37 Blast Furnace
43:21 Paladin
46:13 Scale Mail Armor
51:22 Murder Holes
57:05 Caravan
58:12 Light Cavalry
Lamlam
9:56 Feudal Age
14:25 Castle Age
14:06 Double-Bit Axe
14:03 Horse Collar
16:32 Wheelbarrow
16:57 Bow Saw
20:52 Heavy Plow
21:44 Gold Mining
25:07 Gold Shaft Mining
25:12 Hand Cart
25:25 Loom
27:44 Elite Skirmisher
28:13 Town Watch
29:01 Stone Mining
29:28 Forging
29:19 Scale Mail Armor
29:20 Padded Archer Armor
29:45 Masonry
29:01 Pikeman
32:32 Imperial Age
30:03 Town Patrol
32:25 Stone Shaft Mining
31:59 Scale Barding Armor
32:12 Chain Mail Armor
32:32 Iron Casting
32:13 Leather Archer Armor
33:10 Ballistics
34:22 Chemistry
33:29 Grand Trunk Road
33:30 Shatagni
33:52 Conscription
35:13 Blast Furnace
38:35 Ballistics
38:09 Fletching
40:08 Siege Engineers
44:13 Ring Archer Armor
43:39 Bodkin Arrow
45:45 Herbal Medicine
47:05 Hoardings
51:41 Scale Barding Armor
51:55 Bloodlines
51:46 Husbandry
53:44 Light Cavalry
55:10 Chain Barding Armor
54:51 Bracer
54:50 Murder Holes
55:01 Caravan
58:12 Hussar
68:03 Plate Barding Armor
Connection lost

Rejoining the realm…

Still unreachable

The connection could not be restored.

Session expired

The server has moved on; the page needs a fresh start.